 Dungeon Crawl Stone Soup version 0.18-a0-1243-g9e52518 (webtiles) character file.

254 Lathuz the Cleaver (level 6, -1/51 HPs)
             Began as a Hill Orc Berserker on Feb 5, 2016.
             Was a Believer of Trog.
             Slain by a gnoll
             ... wielding a +0 whip
              (6 damage)
             ... on level 3 of the Dungeon.
             The game lasted 00:05:06 (3218 turns).

Lathuz the Cleaver (Hill Orc Berserker)             Turns: 3218, Time: 00:05:07

Health: -1/51      AC:  5    Str: 22    XL:     6   Next: 15%
Magic:  6/6        EV: 12    Int:  7    God:    Trog [**....]
Gold:   151        SH:  0    Dex: 10    Spells: 0 memorised, 5 levels left

rFire  . . .     SeeInvis .     a - +0 hand axe
rCold  . . .     Gourm    .     b - +0 animal skin
rNeg   . . .     Faith    .     (no shield)
rPois  .         Spirit   .     (no helmet)
rElec  .         Dismiss  .     l - +2 cloak {MR+}
rCorr  .         Reflect  .     (no gloves)
SustAt .         Harm     .     (no boots)
MR     +....                    (no amulet)
Stlth  +.........               (no ring)
                                (no ring)

@: exhausted, slowed, very slow, somewhat resistant to hostile enchantments,
very unstealthy
A: no striking features
a: Berserk, Trog's Hand, Burn Spellbooks, Renounce Religion


You were on level 3 of the Dungeon.
You worshipped Trog.
Trog was pleased with you.
You were not hungry.

You visited 1 branch of the dungeon, and saw 3 of its levels.

You collected 151 gold pieces.

Inventory:

Hand Weapons
 a - a +0 hand axe (weapon)
Missiles
 n - 113 stones (quivered)
Armour
 b - a +0 animal skin (worn)
 l - a +2 cloak of magic resistance (worn)
Jewellery
 o - an uncursed ring of flight {unknown}
 p - an uncursed ring of resist corrosion {unknown}
Wands
 k - a wand of flame (28/48)
Scrolls
 e - 2 scrolls of identify {unknown}
 f - a scroll of enchant armour {unknown}
 g - 6 scrolls of remove curse {unknown}
 h - a scroll of recharging {unknown}
 r - a scroll of random uselessness {unknown}
 u - a scroll of teleportation {unknown}
 v - a scroll of noise {unknown}
Potions
 i - a potion of might {unknown}
 j - a potion of magic {unknown}
 s - 2 potions of curing {unknown}
 w - a potion of flight {unknown}
Comestibles
 c - a royal jelly
 d - a slice of pizza
 m - a bread ration
 q - a meat ration
 t - 9 chunks of flesh


   Skills:
 - Level 3.6 Fighting
 + Level 8.8 Axes
 - Level 2.1 Armour
 - Level 1.5 Dodging


You had 5 spell levels left.
You didn't know any spells.

Dungeon Overview and Level Annotations

Branches:
Dungeon (3/15)

Altars:
Cheibriados
Okawaru
Qazlal
Trog
Xom


Message History

You are too injured to fight recklessly!
Things that are here:
a spear; 2 throwing nets; a whip You hit the gnoll but do no damage.
The gnoll hits you with a whip!
A gnoll comes into view. It is wielding a halberd of protection.
You barely miss the gnoll.
The gnoll shouts!
The gnoll hits you with a whip.
You closely miss the gnoll. The gnoll closely misses you.
The gnoll hits you with a whip.
* * * LOW HITPOINT WARNING * * *
The gnoll shouts!
You hit the gnoll.
The gnoll is lightly wounded.
The gnoll hits you with a whip!
* * * LOW HITPOINT WARNING * * *
You hit the gnoll.
The gnoll is moderately wounded.
The gnoll hits you with a whip.
You die...

#+##################'#
#.......))...)@gg.g..#
#.......#....#)......#
#.......#....#.......#
#########''''#############
.......................# .
≈≈≈≈≈≈≈....≈≈≈≈≈≈≈≈≈≈≈≈####
≈≈≈≈≈≈≈....≈≈≈≈≈≈≈≈≈≈≈≈≈≈≈≈
≈≈≈≈≈≈≈....≈≈≈≈≈≈≈≈≈≈≈≈≈≈≈≈
.................).........


You could see 3 gnolls.

Vanquished Creatures
  Crazy Yiuf (D:2)
  A gnoll shaman (D:3)
  Jessica (D:2)
  Robin (D:2)
  8 gnolls (D:3)
  5 worms
  A giant gecko (D:1)
  2 giant cockroaches
  19 goblins
  8 hobgoblins
  4 jackals (D:3)
  4 kobolds
  A ball python (D:2)
  6 bats
  2 giant newts (D:1)
  6 rats
70 creatures vanquished.

Notes
Turn   | Place    | Note
--------------------------------------------------------------
     0 | D:1      | Lathuz the Hill Orc Berserker began the quest for the Orb.
     0 | D:1      | Reached XP level 1. HP: 19/19 MP: 1/1
   219 | D:1      | Reached XP level 2. HP: 26/26 MP: 2/2
   418 | D:1      | Reached skill level 5 in Axes
   808 | D:1      | Found a shimmering altar of Xom.
   880 | D:1      | Reached XP level 3. HP: 27/31 MP: 3/3
  1065 | D:2      | Noticed Crazy Yiuf
  1076 | D:2      | Killed Crazy Yiuf
  1076 | D:2      | Reached skill level 6 in Axes
  1076 | D:2      | Reached XP level 4. HP: 29/39 MP: 4/4
  1272 | D:2      | Found an iron altar of Okawaru.
  1286 | D:2      | Noticed Robin
  1295 | D:2      | Reached ** piety under Trog
  1299 | D:2      | Killed Robin
  1550 | D:2      | Found a snail-covered altar of Cheibriados.
  1663 | D:2      | Noticed a moth of wrath
  1666 | D:2      | Found a bloodstained altar of Trog.
  1688 | D:2      | Reached skill level 7 in Axes
  2442 | D:2      | Noticed Jessica
  2452 | D:2      | Killed Jessica
  2452 | D:2      | Reached XP level 5. HP: 45/45 MP: 5/5
  2667 | D:3      | Found a stormy altar of Qazlal.
  3004 | D:3      | Reached skill level 8 in Axes
  3195 | D:3      | Reached XP level 6. HP: 19/51 MP: 6/6
  3218 | D:3      | Slain by a gnoll

Vault maps used:
D:1:      tarquinn_simple_flora_water_c, xom_teletrap_fun
D:2:      cheibriados_altar_1, tgw_trog, hex_medium, okawaru_metal_pillars_1_2,
          uniq_jessica, uniq_robin, uniq_crazy_yiuf_cottage
D:3:      lemuel_castle_with_subvaults, nicolae_overflow_crystal_walls,
          grunt_qazlal_clouds, minmay_strange_pillars

Action                   |  1- 3 |  4- 6 || total
-------------------------+-------+-------++-------
Melee: Hand axe          |    85 |   151 ||   236
Invok: Berserk           |     1 |     5 ||     6
       Trog's Hand       |       |     1 ||     1
  Eat: Chunk             |       |     9 ||     9
       Bread ration      |       |     1 ||     1
